 Dungeon Crawl Stone Soup version 0.29.1-13-g9f3cf754e1 (webtiles) character file.

Game seed: 15555208880730626108

21 cheesebisquit the Chopper (level 2, 26/26 HPs)
             Began as a Hill Orc Fighter on Jan 22, 2023.
             Quit the game on level 1 of the Dungeon.
             The game lasted 00:03:06 (1024 turns).

cheesebisquit the Chopper (Hill Orc Fighter)        Turns: 1024, Time: 00:03:06

Health: 26/26      AC:  8    Str: 18    XL:     2   Next: 87%
Magic:  2/2        EV:  9    Int:  8    God:
Gold:   38         SH:  4    Dex: 10    Spells: 1/1 levels left

rFire   . . .      SeeInvis .   a - +0 war axe
rCold   . . .      Faith    .   c - +0 buckler
rNeg    . . .      Spirit   .   b - +0 scale mail
rPois   .          Reflect  .   (no helmet)
rElec   .          Harm     .   (no cloak)
rCorr   .          Rampage  .   f - +0 pair of gloves
Will    .....                   (no boots)
Stlth   ..........              k - amulet of the acrobat
HPRegen 0.08/turn               (no ring)
MPRegen 0.08/turn               (no ring)

@: no status effects
A: no striking features
a: no special abilities


You were on level 1 of the Dungeon.
You visited 1 branch of the dungeon, and saw 1 of its levels.

You collected 38 gold pieces.

Inventory:

Hand Weapons
 a - a +0 war axe (weapon)
Missiles
 j - 2 javelins (quivered)
Armour
 b - a +0 scale mail (worn)
 c - a +0 buckler (worn)
 f - a +0 pair of gloves (worn)
Jewellery
 k - an amulet of the acrobat (around neck)
 n - an amulet of magic regeneration
Scrolls
 h - a scroll of silence {unknown}
 m - a scroll of identify {unknown}
Potions
 d - a potion of might
 e - a potion of mutation {unknown}
 g - a potion of flight {unknown}
 i - 2 potions of heal wounds {unknown}
 l - a potion of curing {unknown}


   Skills:
 - Level 3.6 Fighting
 + Level 4.4 Axes
 - Level 3.2 Armour
 - Level 3.2 Shields


You had one spell level left.
You didn't know any spells.
Your spell library was empty.

Dungeon Overview and Level Annotations

Branches:
Dungeon (1/15)

Altars:


Message History

You open the door.
Found a robe.
Found a faded altar of an unknown god.
There is an open door here.
You open the door.
There is an open door here.
You see here a +0 robe.
There is a faded altar of an unknown god here.
As you open the door, it creaks loudly!
There is an open door here.
You open the door.
There is an open door here.
There is an open door here.
There is an open door here.
There is an open door here.
There is an open door here.
Found 3 javelins.
An endoplasm comes into view.
The endoplasm quivers.
You see here 3 javelins.
j - 3 javelins You throw a javelin.
The javelin pierces through the endoplasm.
The endoplasm is almost dead.
You throw a javelin.
The javelin pierces through the endoplasm!
You kill the endoplasm!
j - 2 javelins (gained 1)
k - an amulet of the acrobat You start putting on your amulet.
You continue putting on your amulet of the acrobat. x5
You finish putting on your amulet of the acrobat.
You feel ready to tumble and roll out of harm's way.
k - an amulet of the acrobat (around neck)
l - a purple potion
m - a scroll labelled EBIFISAOKO
Found a robe.
You see here a +0 robe.
n - an amulet of magic regeneration Done exploring.
Are you sure you want to abandon this character and quit the game? (Confirm with "yes".)

### #.## ##### ...#
#...# #.## ##.#.######
#.# #..#.#....# #.#
####.##.#.##^# #.#
#....##.#..#@# #.#
#.#####.##.#.# ..###.#
#....#.# ......#
######.# #####.#
#......# #.# #.######
#.# #.#....#
#####.#####.#.##.#######
..........#.#..#.#.....#


There were no monsters in sight!

Vanquished Creatures
  A dart slug (D:1)
  2 ball pythons (D:1)
  3 endoplasms (D:1)
  2 giant cockroaches (D:1)
  3 goblins (D:1)
  3 kobolds (D:1)
  3 rats (D:1)
17 creatures vanquished.

Notes
Turn   | Place    | Note
-------+----------+-------------------------------------------
     0 | D:1      | cheesebisquit the Hill Orc Fighter began the quest for the
                  | Orb.
     0 | D:1      | Reached XP level 1. HP: 19/19 MP: 1/1
   106 | D:1      | Reached skill level 3 in Axes
   177 | D:1      | Reached XP level 2. HP: 26/26 MP: 2/2
   186 | D:1      | Reached skill level 4 in Axes
   654 | D:1      | Found a faded altar of an unknown god.
  1024 | D:1      | Quit the game

Illustrated notes

Levels and vault maps discovered:
D:1:      matt_arrival_spirals, layout_loops_ring,
          shapermc_ecumenical_altar_ellora, patterned_corridor

Skill      XL: |  1  2 |
---------------+-------+-----
Axes           | 3 4 |  4.4
Fighting       | |  3.6
Armour         | |  3.2
Shields        | |  3.2

Action                   || total
-------------------------++-------
Melee: War axe           ||    43
Throw: Javelin           ||     2
Armor: Scale mail        ||    27
Dodge: Dodged            ||    19
Block: Buckler           ||     6
